 Dungeon Crawl Stone Soup version 0.30-a0-782-ge64f9170bb (webtiles) character file.

Game seed: 1052072100413920859

77 HoaS the Shooter (level 4, 0/26 HPs)
             Began as a Gargoyle Hunter on Mar 10, 2023.
             Was an Initiate of Elyvilon.
             Slain by a gnoll
             ... wielding a +0 flail
              (1 damage)
             ... on level 3 of the Dungeon.
             The game lasted 00:04:37 (2006 turns).

HoaS the Shooter (Gargoyle Hunter)                  Turns: 2006, Time: 00:04:38

Health: 0/26       AC:  6    Str: 21    XL:     4   Next: 33%
Magic:  4/4        EV: 12    Int:  9    God:    Elyvilon [......]
Gold:   165        SH:  0    Dex: 15    Spells: 3/3 levels left

rFire   . . .      SeeInvis .    a - +0 shortbow
rCold   . . .      Faith    .    (shield currently unavailable)
rNeg    + . .      Spirit   .    c - +0 leather armour
rPois   ∞          Reflect  .    (no helmet)
rElec   +          Harm     .    (no cloak)
rCorr   .          Rampage  .    (no gloves)
Will    .....                    (no boots)
Stlth   ++                       (no amulet)
HPRegen 0.24/turn                e - +6 ring of strength
MPRegen 0.09/turn                (no ring)

@: hasted, very quick
A: sickness immunity, AC +3, negative energy resistance 1, electricity
resistance, torment resistance 1, petrification resistance
a: Renounce Religion


You were on level 3 of the Dungeon.
You worshipped Elyvilon.
Elyvilon was noncommittal.
You visited 1 branch of the dungeon, and saw 3 of its levels.

You collected 165 gold pieces.

Inventory:

Hand Weapons
 a - a +0 shortbow (weapon)
Armour
 c - a +0 leather armour (worn)
Jewellery
 e - a +6 ring of strength (left hand)
Wands
 j - a wand of digging (1)
Scrolls
 b - 2 scrolls of immolation
 h - a scroll of vulnerability {unknown}
 i - a scroll of enchant armour {unknown}
 k - a scroll of blinking {unknown}
Potions
 d - 2 potions of resistance {unknown}
 f - 2 potions of haste
 g - a potion of brilliance {unknown}


   Skills:
 - Level 2.1 Fighting
 * Level 5.6 Ranged Weapons
 - Level 1.5 Dodging
 - Level 1.1 Stealth
 + Level 0.4 Invocations


You had 3 spell levels left.
You didn't know any spells.
Your spell library contained the following spells:

 Spells                   Type           Power      Damage    Failure   Level
 Animate Dead             Necr           0%         N/A       99%         4
 Borgnjor's Vile Clutch   Necr/Erth      0%         N/A       100%        5
 Death Channel            Necr           0%         N/A       100%        6


Dungeon Overview and Level Annotations

Branches:
Dungeon (3/15)

Altars:
Elyvilon
Gozag

Shops:
D:1 (![


Innate Abilities, Weirdness & Mutations

You are immune to sickness and miasma.
Your stone body is resilient. (AC +3)
You are immune to poison.
You resist negative energy. (rN+)
You are resistant to electric shocks. (rElec)
You are resistant to unholy torment.
You are immune to petrification.


Message History

The arrow hits the gnoll.
The gnoll is moderately wounded.
You shoot an arrow.
The arrow hits the gnoll but does no damage.
You shoot an arrow. The arrow hits the gnoll!
The gnoll is severely wounded.
The gnoll hits you with a +0 club.
You shoot an arrow. The arrow hits the gnoll!
You kill the gnoll!
The gnoll hits you with a +0 flail.
You shoot an arrow.
The arrow hits the gnoll but does no damage.
The gnoll is moderately wounded.
The gnoll hits you with a +0 flail!
You are too injured to fight recklessly!
You are too injured to fight recklessly!
You shoot an arrow. The arrow hits the gnoll.
The gnoll is heavily wounded.
The gnoll barely misses you.
You shoot an arrow. The arrow closely misses the gnoll.
The gnoll closely misses you.
You shoot an arrow.
The arrow hits the gnoll but does no damage.
The gnoll is heavily wounded.
The gnoll hits you with a +0 flail. The gnoll barely misses you.
You shoot an arrow.
The arrow hits the gnoll but does no damage.
The gnoll is heavily wounded.
The gnoll closely misses you.
You shoot an arrow. The arrow hits the gnoll!
The gnoll is almost dead.
The gnoll misses you.
You shoot an arrow. The arrow barely misses the gnoll.
The gnoll hits you with a +0 flail!
* * * LOW HITPOINT WARNING * * *
You shoot an arrow. The arrow barely misses the gnoll.
The gnoll misses you. x2
Okay, then.
It was a potion of haste.
You feel yourself speed up. The gnoll hits you with a +0 flail.
You die...

..........## ######......
#...... #####.. ≈≈≈≈
#.....# ##### ###.# ....
#.....###...## ######..##
.... #......#.....##
#.......'. ♣..
#.............####.########
♣..≈#..................# #
♣..≈#.............######
♣.?.'........g@..##
♣..≈#.....#.......# ♣..
#....##.......# ♣.
##.####.......# .g #.#
##.....## .. #.# ##...## ≈
#.# ##### ..# .##


You could see a gnoll.

Vanquished Creatures
  A gnoll (D:3)
  An adder (D:2)
  3 worms
  A dart slug (D:1)
  4 ball pythons
  3 endoplasms
  3 giant cockroaches
  4 goblins
  5 hobgoblins
  A quokka (D:1)
  3 bats
  6 frilled lizards
  6 kobolds
  5 rats
46 creatures vanquished.

Notes
Turn   | Place    | Note
-------+----------+-------------------------------------------
     0 | D:1      | HoaS the Gargoyle Hunter began the quest for the Orb.
     0 | D:1      | Reached XP level 1. HP: 12/12 MP: 1/1
   141 | D:1      | Found Keklifia's Antique Weapon Shoppe.
   231 | D:1      | Reached XP level 2. HP: 17/17 MP: 2/2
   384 | D:1      | Found Paoseram's Armour Boutique.
   520 | D:1      | Found Ypeq's Distillery.
   571 | D:1      | Reached XP level 3. HP: 21/21 MP: 3/3
   944 | D:2      | Reached skill level 5 in Ranged Weapons
  1585 | D:3      | Reached XP level 4. HP: 26/26 MP: 4/4
  1736 | D:3      | Found a white marble altar of Elyvilon.
  1761 | D:3      | Became a worshipper of Elyvilon the Healer
  1943 | D:3      | Found an opulent altar of Gozag.
  2004 | D:3      | HP: 1/26 [gnoll/+0 flail (7)]
  2006 | D:3      | Slain by a gnoll

Illustrated notes

Levels and vault maps discovered:
D:1:      ncdulo_smallfort, layout_loops_corners, serial_shops,
          nicolae_shop_hallway_plus, nicolae_diamond_shop, shop
D:2:      layout_basic, st_stairs_10
D:3:      layout_rooms, pdpol_temple_overflow_zin_treasury_gozag_greed,
          lemuel_round_altar, elyvilon_altar_4, kennysheep_path_1, uniq_ijyb

Skill      XL: |  1  2  3 |
---------------+----------+-----
Ranged Weapons | 5 |  5.6
Fighting       | |  2.1
Dodging        | |  1.5
Stealth        | |  1.1
Invocations    | |  0.4

Action                     |  1- 3 |  4- 6 || total
---------------------------+-------+-------++-------
   Fire: Shortbow          |   109 |    37 ||   146
    Use: Scroll            |     4 |     1 ||     5
         Potion            |       |     1 ||     1
 Armour: Leather armour    |    17 |     3 ||    20
  Dodge: Dodged            |    19 |     9 ||    28

Table legend: (Time is in decaauts)
 A = Elapsed time spent in this place.
 B = Non-inter-level travel time spent in this place.
 C = Inter-level travel time spent in this place.
 D = Time resting spent in this place.
 E = Time spent auto-exploring this place.
 F = Levels seen in this place.
 G = Mean time per level.
                   A        B        C        D        E       F      G
               +--------+--------+--------+--------+--------+-----+--------+
         Total |   2045 |   1966 |     79 |    149 |   1490 |   3 |  681.7 |
       Dungeon |   2045 |   1966 |     79 |    149 |   1490 |   3 |  681.7 |
               +--------+--------+--------+--------+--------+-----+--------+

Top non-repeatable levels by time:
     D:1: 911 daAuts
     D:2: 681 daAuts
     D:3: 452 daAuts
